 Dungeon Crawl Stone Soup version 0.23.2-1-ga50397a (webtiles) character file.

Game seed: 2445398105474129519

5506 IBeShadow the Arsonist (level 10, -4/57 (58) HPs)
             Began as a Deep Elf Fire Elementalist on May 30, 2019.
             Was a Follower of Vehumet.
             Slain by a two-headed ogre
             ... wielding a +0 giant club
              (21 damage)
             ... on level 9 of the Dungeon.
             The game lasted 00:20:20 (11266 turns).

IBeShadow the Arsonist (DEFE)                      Turns: 11266, Time: 00:20:21

HP:   -4/57 (58)    AC:  9    Str:  5    XL:     10   Next: 42%
MP:   11/20         EV: 13    Int: 24    God:    Vehumet [*.....]
Gold: 454           SH:  0    Dex: 15    Spells: 5/20 levels left

rFire    + . .     SeeInvis .   a - +2 trident (distort)
rCold    + . .     Gourm    .   (no shield)
rNeg     . . .     Faith    .   H - +1 robe {rC+}
rPois    .         Spirit   .   t - +0 helmet
rElec    .         Reflect  .   r - +0 cloak
rCorr    +         Harm     .   B - +2 pair of gloves "Istreofu" {rF+ rCorr}
MR       +....                  D - +0 pair of boots
Stlth    ++++......             (no amulet)
HPRegen  0.19/turn              (no ring)
MPRegen  0.17/turn              (no ring)

@: lightly drained
A: no striking features
a: Renounce Religion


You were on level 9 of the Dungeon.
You worshipped Vehumet.
Vehumet was aware of your devotion.
You were not hungry.

You visited 2 branches of the dungeon, and saw 10 of its levels.

You collected 454 gold pieces.

Inventory:

Hand Weapons
 a - a +2 trident of distortion (weapon)
 h - a +3 short sword of electrocution
 q - a +3 quarterstaff of chaos
Missiles
 i - 2 throwing nets (quivered)
 y - 6 silver javelins
Armour
 r - a +0 cloak (worn)
 t - a +0 helmet (worn)
 B - the +2 pair of gloves "Istreofu" (worn) {rF+ rCorr}
   (You found it on level 8 of the Dungeon)

   It protects you from fire.
   It provides partial protection from all sources of acid and corrosion.
 D - a +0 pair of boots (worn)
 H - a +1 robe of cold resistance (worn)
Jewellery
 j - an uncursed amulet of faith
 C - an uncursed ring of ice
Wands
 x - a wand of iceblast (10)
 F - a wand of flame (10)
 G - a wand of random effects (19)
 I - a wand of enslavement (9)
Scrolls
 b - 3 scrolls of remove curse
 d - 5 scrolls of magic mapping
 g - a scroll of blinking
 l - a scroll of noise {unknown}
 m - a scroll of amnesia
 n - 4 scrolls of fog
 o - a scroll of identify
 p - a scroll of immolation {unknown}
 s - 2 scrolls of enchant weapon
 u - 5 scrolls of teleportation
 A - a scroll of enchant armour {unknown}
 E - a scroll of fear {unknown}
Potions
 e - 2 potions of degeneration
 f - 3 potions of brilliance
 k - 2 potions of curing
 v - 3 potions of might
 w - a potion of agility
 z - a potion of cancellation {unknown}
Comestibles
 c - 13 rations


   Skills:
 + Level 4.6(4.3) Fighting
 + Level 4.6(4.3) Short Blades
 - Level 2.4(2.1) Dodging
 + Level 8.1(7.8) Stealth
 + Level 5.7(5.4) Spellcasting
 * Level 9.1(8.7) Conjurations
 * Level 9.8(9.4) Fire Magic


You had 5 spell levels left.
You knew the following spells:

 Your Spells              Type           Power        Failure   Level  Hunger
a - Flame Tongue          Conj/Fire      #####        1%          1    None
b - Throw Flame           Conj/Fire      ######       1%          2    None
c - Conjure Flame         Conj/Fire      ######..     1%          3    #......
d - Sticky Flame          Conj/Fire      ######..     1%          4    ###....
e - Fireball              Conj/Fire      ######....   5%          5    #####..

Your spell library contained the following spells:

 Spells                   Type           Power        Failure   Level  Hunger
 Sandblast                Erth           #.....       9%          1    None
 Inner Flame              Hex/Fire       ####....     3%          3    #......


Dungeon Overview and Level Annotations

Branches:
Dungeon (9/15)             Temple (1/1) D:7
   Lair: D:8-11         Orc: D:9-12

Altars:
Ashenzari
Cheibriados
Dithmenos
Elyvilon
Fedhas
Gozag
Kikubaaqudgha
Makhleb
Nemelex Xobeh
Okawaru
Qazlal
Ru
Sif Muna
Trog
Uskayaw
Vehumet
Wu Jian
Xom
Yredelemnul
Zin
The Shining One

Shops:
D:5 *   D:7 (

Annotations:
D:3 2 transporters, flappity's ghost, amateur OpFi


Message History

The two-headed ogre is covered in liquid flames!
The two-headed ogre burns!
The two-headed ogre misses you.
The two-headed ogre hits you with a +0 giant club.
* * * LOW HITPOINT WARNING * * *
The two-headed ogre burns!
The two-headed ogre burns!
The two-headed ogre burns!
The two-headed ogre burns!
The two-headed ogre burns!
The two-headed ogre stops burning.
Casting: Sticky Flame (safe; 1% risk of failure)
Confirm with . or Enter, or press ? or * to list all spells.
Aiming: Sticky Flame (safe; 1% risk of failure)
Press: ? - help, Shift-Dir - straight line, f/p - two-headed ogre
Aim: a two-headed ogre, wielding two +0 giant clubs (heavily wounded)
The sticky flame hits the two-headed ogre!
The two-headed ogre is severely wounded.
The two-headed ogre is covered in liquid flames!
The two-headed ogre burns!
The two-headed ogre hits you with a +0 giant club!!
You die...

...'.............#
.(.#.............### .
###≈.≈..≈..........+ #####.
...^^#^..#≈≈≈......# .≈....
..§^^#...#.#§......####≈≈≈####
>.§.§§^..≈≈#≈..........≈≈≈...####
..≈≈≈...≈.^§§..........≈≈≈......
#..§..._...§.....#####≈≈≈≈≈....
#.≈§^≈^..≈^^.##.@#....≈≈≈≈≈..##+#
#..#≈#..^≈#^^.#.O#....≈≈≈≈§§.....
#..§##..≈###..#......#####§#.....
#......§§§§§.§.....
#......#§#####..... #...#..§§≈≈
...[. #.......≈≈≈≈≈ .####
........#≈≈≈≈≈...
...........≈≈≈...#


You could see a two-headed ogre (burning).

Vanquished Creatures
  Harold (D:7)
  Pikel (Temple)
  A hippogriff (D:9)
  Sigmund (D:2)
  A hungry ghost (D:7)
  Menkaure (D:7)
  An orc warrior (D:6)
  4 black bears
  3 ice beasts
  2 necrophages
  A sky beast (D:7)
  An eye of draining (D:9)
  A wolf (D:9)
  A centaur (D:6)
  2 ogres
  5 bullfrogs
  A scorpion (D:7)
  2 electric eels
  14 wights
  3 howler monkeys
  A bullfrog zombie (D:5)
  3 crimson imps
  A jelly (D:9)
  4 hounds
  Crazy Yiuf (D:2)
  2 bullfrog skeletons (D:7)
  5 orc priests
  A gnoll shaman (D:6)
  An iguana (D:8)
  Natasha (thrice) (D:2)
  8 orc wizards
  Terence (D:3)
  3 worker ants
  A killer bee zombie (D:5)
  A bullfrog simulacrum (D:9)
  3 gnolls (D:6)
  8 adders
  A worker ant simulacrum (D:9)
  2 adder skeletons
  3 worms
  3 leopard geckos
  23 orcs
  3 ball pythons
  8 bats
  7 giant cockroaches
  7 goblins
  10 hobgoblins
  7 jackals (D:6)
  4 kobolds
  4 quokkas
  5 frilled lizards
  12 rats
193 creatures vanquished.

Notes
Turn   | Place    | Note
-------+----------+-------------------------------------------
     0 | D:1      | IBeShadow the Deep Elf Fire Elementalist began the quest
                  | for the Orb.
     0 | D:1      | Reached XP level 1. HP: 10/10 MP: 6/6
   646 | D:1      | Reached XP level 2. HP: 15/15 MP: 8/8
  1391 | D:2      | Noticed Natasha
  1400 | D:2      | Noticed a crimson imp
  1402 | D:2      | Reached XP level 3. HP: 20/20 MP: 4/9
  1404 | D:2      | Killed Natasha
  1561 | D:2      | Learned a level 2 spell: Throw Flame
  1565 | D:2      | Learned a level 3 spell: Conjure Flame
  1612 | D:2      | Noticed Natasha
  1621 | D:2      | Reached XP level 4. HP: 24/24 MP: 11/11
  1629 | D:2      | Killed Natasha
  1733 | D:2      | Noticed Natasha
  1739 | D:2      | Killed Natasha
  1739 | D:2      | Reached skill level 1 in Fighting
  1772 | D:2      | Noticed Sigmund
  1789 | D:2      | Killed Sigmund
  1789 | D:2      | Reached skill level 5 in Fire Magic
  1789 | D:2      | Reached XP level 5. HP: 19/29 MP: 12/12
  1789 | D:2      | Reached XP level 6. HP: 22/34 MP: 13/13
  1938 | D:2      | Found a runed translucent door.
  1939 | D:2      | Noticed Crazy Yiuf
  1947 | D:2      | Learned a level 4 spell: Sticky Flame
  1954 | D:2      | Killed Crazy Yiuf
  2821 | D:3      | Found a bloodstained altar of Trog.
  2868 | D:3      | Found a transporter.
  2869 | D:3      | Noticed flappity's ghost (amateur OpFi)
  2871 | D:3      | Identified the +6 dire flail of Prudence {drain, Stlth+}
  2876 | D:3      | Found a transporter.
  3046 | D:3      | Noticed an ice beast
  3051 | D:3      | Killed an ice beast
  3051 | D:3      | Reached XP level 7. HP: 40/40 MP: 7/14
  3068 | D:3      | Noticed Terence
  3073 | D:3      | Killed Terence
  3566 | D:4      | Found a blossoming altar of Fedhas.
  4176 | D:4      | Reached skill level 5 in Stealth
  4183 | D:4      | Reached skill level 5 in Conjurations
  4568 | D:5      | Entered Level 5 of the Dungeon
  4573 | D:5      | Reached skill level 1 in Short Blades
  4648 | D:5      | Reached XP level 8. HP: 11/45 MP: 0/15
  4962 | D:5      | Found Leka's Lightly-Used Armoury.
  5341 | D:5      | Found a deep blue altar of Sif Muna.
  6188 | D:6      | You fall through a shaft for 3 floors!
  6193 | D:9      | Noticed a hippogriff
  6215 | D:9      | Killed a hippogriff
  6527 | D:8      | Got a pair of ichor-stained gloves
  6533 | D:8      | Identified the +2 pair of gloves "Istreofu" {rF+ rCorr}
                  | (You found it on level 8 of the Dungeon)
  6765 | D:8      | Reached XP level 9. HP: 29/51 MP: 2/16
  7942 | D:7      | Found Vivogg's Weapon Shoppe.
  8344 | D:7      | Found a staircase to the Ecumenical Temple.
  8355 | D:7      | Noticed Menkaure
  8368 | Temple   | Entered the Ecumenical Temple
  8469 | Temple   | Became a worshipper of Vehumet
  8560 | D:7      | Noticed Pikel
  8600 | Temple   | Killed Pikel
  8749 | D:7      | Killed Menkaure
  9041 | D:7      | Noticed Harold
  9069 | D:7      | Killed Harold
  9069 | D:7      | Reached skill level 5 in Spellcasting
  9069 | D:7      | Reached XP level 10. HP: 10/58 MP: 3/19
  9974 | D:6      | Reached * piety under Vehumet
  9974 | D:6      | Offered knowledge of Sandblast by Vehumet.
 11057 | D:8      | Learned a level 5 spell: Fireball
 11201 | D:9      | Found a stormy altar of Qazlal.
 11244 | D:9      | Noticed a two-headed ogre
 11266 | D:9      | Slain by a two-headed ogre

Skill      XL: |  1  2  3  4  5  6  7  8  9 10 |
---------------+-------------------------------+-----
Stealth        | 3 4 5 6 7 8 |  8.1
Conjurations   | 2 3 4 5 7 8 9 |  9.1
Fire Magic     | 4 5 6 7 9 |  9.8
Fighting       | 1 2 3 4 |  4.6
Short Blades   | 1 2 4 |  4.6
Spellcasting   | 5 |  5.7
Dodging        | |  2.4

Action                   |  1- 3 |  4- 6 |  7- 9 | 10-12 || total
-------------------------+-------+-------+-------+-------++-------
Melee: Unarmed           |    29 |       |       |       ||    29
       Short sword       |    31 |    63 |   215 |    85 ||   394
       Trident           |       |       |       |    19 ||    19
 Cast: Flame Tongue      |    17 |       |     2 |     1 ||    20
       Sticky Flame      |       |     9 |    31 |    16 ||    56
       Throw Flame       |       |     7 |    33 |    11 ||    51
       Conjure Flame     |       |     2 |     8 |     2 ||    12
       Fireball          |       |       |       |     1 ||     1
Evoke: Wand              |       |       |    17 |     2 ||    19
  Use: Potion            |       |       |     5 |       ||     5
       Scroll            |       |       |       |    10 ||    10
 Stab: Sleeping          |     8 |     8 |    13 |     4 ||    33
       Paralysed         |       |       |     1 |       ||     1
  Eat: Chunk             |     2 |     6 |    21 |     9 ||    38
       Ration            |       |       |     2 |     1 ||     3
Armor: Robe              |     9 |    13 |    43 |    39 ||   104
       Skin              |    17 |       |       |       ||    17
Dodge: Dodged            |    40 |    47 |   166 |    60 ||   313
